 Dungeon Crawl Stone Soup version 0.28.0-45-g0d030f2227 (webtiles) character file.

Game seed: 3097517579704676780

149583 protoss039 the Warrior (level 18, -1/162 HPs)
             Began as a Formicid Fighter on May 15, 2022.
             Was the Champion of Okawaru.
             Slain by a salamander
             ... wielding a +2 trident of protection
              (15 damage)
             ... on level 4 of the Snake Pit.
             The game lasted 01:32:30 (35373 turns).

protoss039 the Warrior (Formicid Fighter)          Turns: 35373, Time: 01:32:31

Health: -1/162     AC: 53    Str: 22    XL:     18   Next: 14%
Magic:  20/24      EV:  4    Int: 15    God:    Okawaru [******]
Gold:   393        SH: 17    Dex: 10    Spells: 17/17 levels left

rFire   . . .      SeeInvis +   A - +0 battleaxe (elec)
rCold   + + .      Faith    .   T - +2 kite shield {reflect}
rNeg    . . .      Spirit   .   Q - +14 crystal plate armour of the Yeti {rC+ Will+++ Str-4 Int+4}
rPois   +          Reflect  +   (helmet unavailable)
rElec   .          Harm     .   i - +2 cloak {Stlth+}
rCorr   .          Rampage  +   O - +2 pair of gloves
Will    ++++.                   C - +2 pair of boots {Stlth+}
Stlth   ..........              E - amulet "Tequgh" {Rampage Regen+ Stlth+}
HPRegen 1.17/turn               S - ring of poison resistance
MPRegen 0.19/turn               b - ring of protection from cold

@: mighty, heroic, finesse-ful, constricted
A: permanent stasis, dig shafts and tunnels, antennae 3, four strong arms
a: Dig, Shaft Self, Renounce Religion, Heroism, Finesse, Duel


You were on level 4 of the Snake Pit.
You worshipped Okawaru.
Okawaru was exalted by your worship.
You visited 5 branches of the dungeon, and saw 28 of its levels.
You visited 1 bazaar.
You also visited: Sewer, Ossuary, Gauntlet and Volcano.

You collected 5460 gold pieces.
You spent 5067 gold pieces at shops.

Inventory:

Hand Weapons
 a - a +2 hand axe of flaming
 d - a +1 battleaxe of venom
 w - the +9 morningstar of Jul Iwo {venom, rF+ rN+ Str+4}
   (You found it on level 3 of the Snake Pit)

   It poisons the flesh of those it strikes.
   Str:       It affects your strength (+4).
   rF:        It protects you from fire.
   rN:        It protects you from negative energy.
 A - a +0 battleaxe of electrocution (weapon)
 U - the +5 whip of Akhlodes {vorpal, rElec rC+ MP-9 SInv}
   (You bought it in a shop in a bazaar)

   It inflicts extra damage upon your enemies.
   rC:        It protects you from cold.
   rElec:     It insulates you from electricity.
   MP:        It affects your magic capacity (-9).
   SInv:      It lets you see invisible.
 W - a +7 broad axe of freezing
Missiles
 s - a throwing net
 Z - 10 silver javelins (quivered)
Armour
 i - a +2 cloak of stealth (worn)
 n - the +4 chain mail of Ecoramm {rElec rF+ rN+ SInv}
   (You found it on level 14 of the Dungeon)

   rF:        It protects you from fire.
   rElec:     It insulates you from electricity.
   rN:        It protects you from negative energy.
   SInv:      It lets you see invisible.
 C - a +2 pair of boots of stealth (worn)
 O - a +2 pair of gloves (worn)
 Q - the +14 crystal plate armour of the Yeti (worn) {rC+ Will+++ Str-4 Int+4}
   (Okawaru gifted it to you on level 12 of the Dungeon)

   Str:       It affects your strength (-4).
   Int:       It affects your intelligence (+4).
   rC:        It protects you from cold.
   Will:      It greatly increases your willpower.
 T - a +2 kite shield of reflection (worn)
 Y - the +6 tower shield of Hozin {Rampage Fly rF- Dex+2}
   (Okawaru gifted it to you on level 1 of the Lair of Beasts)

   Dex:       It affects your dexterity (+2).
   rF:        It makes you vulnerable to fire.
   Fly:       It grants you flight.
   Rampage:   It bestows one free step when moving towards enemies.
Jewellery
 b - a ring of protection from cold (right hand)
 l - a ring of positive energy
 E - the amulet "Tequgh" (around neck) {Rampage Regen+ Stlth+}
   (You bought it in a shop on level 7 of the Dungeon)

   [amulet of regeneration]

   Regen:     It increases your rate of health regeneration.
   Rampage:   It bestows one free step when moving towards enemies.
   Stlth:     It makes you more stealthy.
 R - the ring "Notodghidd" {*Corrode rF+ Will+ Int+6 Dex+8}
   (You took it off a minotaur in a Gauntlet)

   [ring of intelligence]

   Int:       It affects your intelligence (+6).
   Dex:       It affects your dexterity (+8).
   rF:        It protects you from fire.
   *Corrode:  It may corrode you when you take damage.
   Will:      It increases your willpower.
 S - a ring of poison resistance (left hand)
Wands
 o - a wand of iceblast (22)
 p - a wand of flame (29)
 G - a wand of acid (5)
 M - a wand of paralysis (4)
 P - a wand of polymorph (16)
Scrolls
 c - 4 scrolls of silence
 f - 3 scrolls of magic mapping
 k - 3 scrolls of enchant weapon
 m - 4 scrolls of vulnerability
 r - 7 scrolls of fog
 x - a scroll of brand weapon
 y - 4 scrolls of enchant armour
 B - 4 scrolls of fear
 D - a scroll of summoning
 K - 3 scrolls of amnesia
 L - 2 scrolls of immolation
 X - 2 scrolls of holy word
Potions
 e - 6 potions of brilliance
 g - 5 potions of might
 h - 2 potions of attraction
 j - 16 potions of curing
 q - 8 potions of heal wounds
 t - 10 potions of flight
 v - 5 potions of mutation
 z - 3 potions of magic
 F - 6 potions of ambrosia
 H - 4 potions of cancellation
 I - 4 potions of lignification
 J - 4 potions of resistance
 V - 3 potions of invisibility
Miscellaneous
 u - a condenser vane


   Skills:
 * Level 19.8(24.8) Fighting
 + Level 14.5(19.5) Axes
 + Level 15.8(20.8) Armour
 + Level 17.2(22.2) Shields
 - Level 9.0 Invocations


You had 17 spell levels left.
You didn't know any spells.
Your spell library contained the following spells:

 Spells                   Type           Power      Damage    Failure   Level
 Foxfire                  Conj/Fire      0%         2x1d4     99%         1
 Magic Dart               Conj           0%         1d3       99%         1
 Sandblast                Erth           0%         2d4       99%         1
 Shock                    Conj/Air       0%         1d3       99%         1
 Sting                    Tmut/Pois      0%         1d3       99%         1
 Passwall                 Tmut/Erth      0%         N/A       100%        2
 Poisonous Vapours        Pois/Air       0%         N/A       100%        2
 Scorch                   Fire           0%         2d5       100%        2
 Sublimation of Blood     Necr           0%         N/A       100%        2
 Conjure Flame            Conj/Fire      0%         6-21      100%        3
 Frozen Ramparts          Ice            0%         1d2       100%        3
 Inner Flame              Hex/Fire       0%         N/A       100%        3
 Mephitic Cloud           Conj/Pois/Air  0%         N/A       100%        3
 Ozocubu's Armour         Ice            0%         N/A       100%        3
 Portal Projectile        Hex/Tloc       0%         N/A       100%        3
 Stone Arrow              Conj/Erth      0%         3d7       100%        3
 Airstrike                Air            0%         N/A       100%        4
 Cause Fear               Hex            0%         N/A       100%        4
 Flame Wave               Conj/Fire      0%         2d4       100%        4
 Ice Form                 Ice/Tmut       0%         N/A       100%        4
 Olgreb's Toxic Radiance  Pois           0%         N/A       100%        4
 Petrify                  Tmut/Erth      0%         N/A       100%        4
 Sticky Flame             Conj/Fire      0%         2d3       100%        4
 Blade Hands              Tmut           0%         N/A       100%        5
 Excruciating Wounds      Necr           0%         N/A       100%        5
 Fireball                 Conj/Fire      0%         3d3       100%        5
 Irradiate                Conj/Tmut      0%         3d14      100%        5
 Lightning Bolt           Conj/Air       0%         1d11      100%        5
 Manifold Assault         Tloc           0%         N/A       100%        5
 Metabolic Englaciation   Hex/Ice        0%         N/A       100%        5
 Dragon Form              Tmut           0%         N/A       100%        7
 Storm Form               Tmut/Air       0%         N/A       100%        7
 Discord                  Hex            0%         N/A       100%        8
 Maxwell's Capacitive Co  Air            0%         ∞         100%        8
 Blink                    Tloc           Unusable   N/A       N/A         2
 Call Imp                 Summ           Unusable   N/A       N/A         2
 Swiftness                Air            Unusable   N/A       N/A         3
 Animate Armour           Summ/Erth      Unusable   N/A       N/A         4
 Summon Ice Beast         Ice/Summ       Unusable   N/A       N/A         4
 Summon Lightning Spire   Summ/Air       Unusable   N/A       N/A         4
 Summon Forest            Summ/Tloc      Unusable   N/A       N/A         5
 Simulacrum               Ice/Necr       Unusable   N/A       N/A         6

Dungeon Overview and Level Annotations

Branches:
Dungeon (15/15)            Temple (1/1) D:7            Lair (6/6) D:9
  Swamp (0/4) Lair:2        Snake (4/4) Lair:2        Slime (0/5) Lair:5
    Orc (2/2) D:9             Elf (0/3) Orc:2        Vaults (0/5) D:14
 Depths (0/4) D:15          Sewer (visited)         Ossuary (visited)
Volcano (visited)         Gauntlet (visited)

Altars:
Ashenzari
Cheibriados
Dithmenos
Elyvilon
Fedhas
Gozag
Hepliaklqana
Kikubaaqudgha
Makhleb
Nemelex Xobeh
Okawaru
Qazlal
Ru
Sif Muna
Trog
Uskayaw
Vehumet
Wu Jian
Xom
Yredelemnul
Zin
The Shining One
Beogh
Jiyva

Shops:
D:3 [   D:7 *[=*   D:8 (   Orc:1 **   Orc:2 **!(   Snake:2 =*(*   Snake:3 [
Snake:4 !

Portals:
Trove: D:13 (give 13 potions of heal wounds)


Innate Abilities, Weirdness & Mutations

You cannot be hasted, slowed, berserked, paralysed or teleported.
You can dig through walls and to a lower floor.
You have a pair of large antennae on your head. (SInv)
Your four strong arms can wield two-handed weapons with a shield.


Message History

Unknown command.
You closely miss the salamander. You slice the naga!!
The salamander hits you from afar with a +3 vorpal trident.
* * * LOW HITPOINT WARNING * * *
You are engulfed in flames!
* * * LOW HITPOINT WARNING * * *
x2 You block the naga's attack.
The naga grabs you. The naga constricts you. You block the naga's attack.
The salamander hits you but does no damage.
You escape the naga's grasp.
You block the naga's attack. x2
The salamander hits you with a +2 trident of protection.
* * * LOW HITPOINT WARNING * * *
You are engulfed in flames!
* * * LOW HITPOINT WARNING * * *
Unknown command.
You barely miss the salamander. You slash the naga!
You kill the naga!
Okawaru accepts your kill.
You slash the naga! Lightning courses through the naga!
You block the salamander's attack.
Unknown command.
You slash the salamander!
The salamander is moderately wounded.
You completely miss the naga.
Unknown command.
You barely miss the salamander.
The salamander is moderately wounded.
You hit the naga. You block the salamander's attack.
The naga barely misses you. You block the naga's attack.
The salamander barely misses you.
Unknown command.
You feel better.
The salamander hits you but does no damage.
The naga hits you with a +0 glaive!
* * * LOW HITPOINT WARNING * * *
The naga grabs you. The naga constricts you.
The salamander hits you with a +2 trident of protection.
* * * LOW HITPOINT WARNING * * *
You are engulfed in flames!
You die...

....#.....#.. ...##....##
.###.....# ###......# #..#......#
..##........ ### ########
.###..#########.######......#####
.# ..## ##.#.....)........... .#
..# #)N)@................ .# .##
#.))NN......NN....... .##.#
##)######.....N...... ..#.#
####)## ###......#### ...###
##...).# ########
.....#####......#
................#
##............#.#
##...........##.#


You could see 2 salamanders and a naga.

Vanquished Creatures
  Jorgrun (D:15)
  Rupert (Lair:6)
  An ironbound preserver (D:14)
  Nessos (D:13)
  A minotaur (Gauntlet)
  A dire elephant (Gauntlet)
  Snorg (Lair:3)
  Josephine (Lair:6)
  A fire dragon (D:14)
  A vault guard (D:12)
  An ice dragon (D:14)
  9 hydras
  9 naga warriors
  An ogre mage (D:15)
  11 anacondas
  4 boulder beetles
  7 centaur warriors
  A death knight (D:13)
  A catoblepas (Lair:6)
  5 death yaks (Lair:5)
  10 two-headed ogres
  6 naga sharpshooters
  2 tengu warriors (D:14)
  A fire crab (Lair:6)
  6 shock serpents
  Nergalle (Lair:3)
  A fire crab (shapeshifter) (D:15)
  3 salamander mystics (Snake:4)
  5 naga ritualists
  A swamp dragon (Lair:5)
  A harpy (shapeshifter) (D:14)
  A deep elf archer (Volcano)
  A deep elf zephyrmancer (D:14)
  8 deep elf pyromancers
  2 orc knights
  8 mana vipers
  2 oklob plants (Lair:2)
  A wolf spider (D:14)
  7 ugly things
  4 salamanders
  3 cyclopes
  12 orc sorcerers
  5 manticores
  4 elephants
  2 guardian serpents (Snake:3)
  9 naga magi
  2 torpor snails
  41 black mambas
  12 cane toads
  An unseen horror (D:12)
  A kobold demonologist (D:8)
  4 rime drakes
  10 komodo dragons
  3 yaktaurs (D:14)
  2 ice devils (Gauntlet)
  3 trolls
  4 tengu conjurers
  A queen bee (shapeshifter) (D:14)
  2 meliai (D:14)
  Prince Ribbit (D:9)
  14 polar bears
  18 blink frogs
  A wolf spider simulacrum (D:14)
  A tarantella (shapeshifter) (D:14)
  3 slime creatures (D:12)
  4 raiju (Lair:6)
  3 dream sheep (Lair:3)
  Sigmund (D:4)
  2 shadows
  5 water elementals (D:15)
  34 yaks
  4 wyverns
  4 fire elementals (Volcano)
  3 basilisks
  5 wraiths
  2 steam dragons
  Menkaure (Ossuary)
  13 vampire mosquitoes
  12 wargs
  Duvessa (D:5)
  30 nagas
  16 hell hounds
  A sky beast (D:6)
  An acid dragon (D:8)
  16 water moccasins
  16 black bears
  18 orc warriors
  3 ice beasts (D:7)
  6 ogres
  24 wolves
  9 necrophages
  A boggart (D:14)
  15 centaurs
  2 phantoms (D:5)
  2 gnoll sergeants
  13 bullfrogs
  Blork the orc (D:4)
  2 elf skeletons (D:8)
  2 scorpions
  Dowan (D:5)
  9 killer bees (D:8)
  22 wights
  A howler monkey (D:14)
  9 electric eels
  8 centaur zombies
  A bullfrog zombie (D:6)
  A hound (D:5)
  Crazy Yiuf (D:2)
  7 orc priests
  2 bullfrog skeletons
  2 gnoll shamans
  A human zombie (D:8)
  2 jellies
  2 iguanas
  Ijyb (D:4)
  36 orc wizards
  6 hell rats (Lair:6)
  3 killer bee zombies
  4 mummies
  A howler monkey zombie (D:10)
  29 gnolls
  16 adders
  A white imp (Gauntlet)
  3 worms
  2 dart slugs (D:1)
  78 orcs
  9 bats
  10 endoplasms
  9 giant cockroaches
  4 gnoll zombies (Ossuary)
  6 goblins
  9 hobgoblins
  6 jackals
  10 quokkas
  15 ball pythons
  14 frilled lizards
  8 gnoll skeletons (Ossuary)
  4 goblin skeletons (Ossuary)
  3 goblin zombies (Ossuary)
  4 hobgoblin skeletons (Ossuary)
  2 hobgoblin zombies (Ossuary)
  6 kobolds
  2 kobold skeletons (Ossuary)
  6 kobold zombies (Ossuary)
  5 orc skeletons
  5 orc zombies
  28 rats
  4 rat skeletons (Ossuary)
  6 rat zombies (Ossuary)
985 creatures vanquished.

Vanquished Creatures (others)
  A blizzard demon (Gauntlet)
  A black mamba (Snake:4)
  An orc wizard (D:7)
  39 fungi
  71 plants
  4 withered plants (D:7)
117 creatures vanquished.

Grand Total: 1102 creatures vanquished

Notes
Turn   | Place    | Note
-------+----------+-------------------------------------------
     0 | D:1      | protoss039 the Formicid Fighter began the quest for the
                  | Orb.
     0 | D:1      | Reached XP level 1. HP: 18/18 MP: 1/1
   131 | D:1      | Reached XP level 2. HP: 21/24 MP: 2/2
   264 | D:1      | Found a faded altar of an unknown god.
   306 | D:1      | Reached XP level 3. HP: 20/29 MP: 3/3
  1253 | D:2      | Reached XP level 4. HP: 34/37 MP: 4/4
  1836 | D:2      | Found a runed translucent door.
  1837 | D:2      | Noticed Crazy Yiuf
  1866 | D:2      | Found a snail-covered altar of Cheibriados.
  2197 | D:2      | Reached skill level 4 in Fighting
  2315 | D:2      | Killed Crazy Yiuf
  2316 | D:2      | Reached XP level 5. HP: 6/42 MP: 5/5
  2318 | D:2      | HP: 2/42 [poisoned by Crazy Yiuf]
  2660 | D:3      | Found Dumoutu's Antique Armour Shoppe.
  2778 | D:3      | Found a glowing drain.
  2787 | Sewer    | Entered a sewer
  2925 | Sewer    | Reached XP level 6. HP: 26/49 MP: 6/6
  3370 | Sewer    | Reached skill level 5 in Shields
  3561 | Sewer    | Reached XP level 7. HP: 48/55 MP: 7/7
  4307 | D:3      | Reached skill level 5 in Armour
  4518 | D:3      | Reached skill level 5 in Fighting
  4767 | D:4      | Noticed Sigmund
  4780 | D:4      | Killed Sigmund
  5085 | D:4      | Noticed Ijyb
  5099 | D:4      | Killed Ijyb
  5100 | D:4      | Reached XP level 8. HP: 52/63 MP: 8/8
  5185 | D:4      | Noticed Blork the orc
  5197 | D:4      | Killed Blork the orc
  5782 | D:5      | Entered Level 5 of the Dungeon
  5870 | D:5      | Noticed Dowan
  5871 | D:5      | Noticed Duvessa
  5889 | D:5      | Killed Duvessa
  5890 | D:5      | Reached skill level 6 in Fighting
  5890 | D:5      | Reached skill level 5 in Axes
  5892 | D:5      | Killed Dowan
  6489 | D:5      | Reached XP level 9. HP: 65/71 MP: 9/9
  6782 | D:6      | Reached skill level 7 in Fighting
  7590 | D:7      | Found Ihyubam's Antique Armour Emporium.
  7668 | D:7      | Noticed a manticore
  7681 | D:7      | Killed a manticore
  8019 | D:7      | Reached XP level 10. HP: 80/80 MP: 10/10
  8139 | D:7      | Found Kuufes's Jewellery Shop.
  8152 | D:7      | Reached skill level 8 in Fighting
  8482 | D:7      | Found Nafatima's Assorted Antiques.
  9201 | D:7      | Found Solushyt's General Store.
  9323 | D:7      | Found a staircase to the Ecumenical Temple.
  9338 | Temple   | Entered the Ecumenical Temple
  9591 | Temple   | Became a worshipper of Warmaster Okawaru
  9711 | D:8      | Found Oguhuw's Weapon Shoppe.
  9806 | D:8      | Reached skill level 1 in Invocations
  9933 | D:8      | Reached skill level 9 in Fighting
 10459 | D:8      | Found a sand-covered staircase.
 10467 | D:8      | Reached * piety under Okawaru
 10477 | Ossuary  | Entered an ossuary
 10798 | Ossuary  | Noticed Menkaure
 10809 | Ossuary  | Killed Menkaure
 10810 | Ossuary  | Reached skill level 10 in Shields
 10810 | Ossuary  | Reached XP level 11. HP: 40/89 MP: 11/13
 12073 | D:8      | Found a sacrificial altar of Ru.
 12782 | D:9      | Found a staircase to the Orcish Mines.
 12816 | D:9      | Reached skill level 5 in Invocations
 12970 | D:9      | Reached ** piety under Okawaru
 12971 | D:9      | Noticed Prince Ribbit
 12990 | D:9      | Killed Prince Ribbit
 13584 | D:9      | Found a staircase to the Lair.
 14141 | D:10     | Entered Level 10 of the Dungeon
 14142 | D:10     | Noticed a green ugly thing
 14173 | D:9      | Killed a green ugly thing
 14430 | D:10     | Noticed a two-headed ogre
 14691 | D:10     | Noticed a two-headed ogre
 14704 | D:10     | Killed a two-headed ogre
 14704 | D:10     | Reached *** piety under Okawaru
 15439 | D:10     | Killed a two-headed ogre
 15440 | D:10     | Reached skill level 10 in Fighting
 15680 | D:11     | Identified the +0 chain mail of Ignis's Anger {Rampage
                  | rPois}
 15801 | D:11     | Reached skill level 10 in Armour
 15808 | D:11     | Reached XP level 12. HP: 88/97 MP: 17/17
 15827 | D:11     | Reached **** piety under Okawaru
 16104 | D:11     | Noticed a two-headed ogre
 16122 | D:11     | Killed a two-headed ogre
 16447 | D:11     | Noticed a two-headed ogre
 16460 | D:11     | Killed a two-headed ogre
 17033 | D:12     | Reached ***** piety under Okawaru
 17176 | D:12     | Noticed a boulder beetle
 17188 | D:12     | Noticed a boulder beetle
 17191 | D:12     | Killed a boulder beetle
 17683 | D:12     | Reached skill level 11 in Fighting
 18223 | D:12     | Found an ornate altar of the Wu Jian Council.
 18442 | D:12     | Identified the +14 crystal plate armour of the Yeti {rC+
                  | Will+++ Str-4 Int+4} (Okawaru gifted it to you on level 12
                  | of the Dungeon)
 18442 | D:12     | Received a gift from Okawaru
 18718 | D:12     | Noticed a centaur warrior
 18731 | D:12     | Killed a centaur warrior
 19094 | D:12     | Identified 3 scrolls of acquirement
 19095 | D:12     | Acquired 832 gold pieces
 19097 | D:12     | Acquired 1134 gold pieces
 19099 | D:12     | Acquired 738 gold pieces
 19257 | D:7      | Bought a throwing net for 39 gold pieces
 19257 | D:7      | Bought a scroll of identify for 26 gold pieces
 19257 | D:7      | Bought a potion of curing for 39 gold pieces
 19301 | D:7      | Bought the amulet "Tequgh" {Rampage Regen+ Stlth+} for 517
                  | gold pieces
 19341 | D:7      | Bought a scroll of fog for 64 gold pieces
 19341 | D:7      | Bought a slimy mace for 256 gold pieces
 19341 | D:7      | Identified the +8 mace "Ofuaf" {vorpal, *Slow rElec Int+8}
                  | (You bought it in a shop on level 7 of the Dungeon)
 19341 | D:7      | Bought a scroll of identify for 64 gold pieces
 19341 | D:7      | Bought a potion of curing for 96 gold pieces
 19341 | D:7      | Bought 2 potions of curing for 192 gold pieces
 19382 | D:8      | Bought the +2 rapier "Okuisk" {flame, rF+ rC+ rN+ Stlth+}
                  | for 452 gold pieces
 19499 | D:13     | Noticed Nessos
 19557 | D:13     | Noticed a vault guard
 19668 | D:12     | Killed a vault guard
 19756 | D:13     | Killed Nessos
 19757 | D:13     | Reached XP level 13. HP: 44/107 MP: 19/19
 19842 | D:13     | Found a portal to a secret trove of treasure.
 19852 | D:13     | Found a gateway to a bazaar.
 20068 | D:13     | Reached skill level 12 in Fighting
 20096 | D:13     | Reached skill level 10 in Axes
 20141 | D:13     | Noticed a boulder beetle
 20162 | D:13     | Killed a boulder beetle
 20260 | Bazaar   | Entered a bazaar
 20260 | Bazaar   | Found Loihovvi's General Store.
 20274 | Bazaar   | Found Xiplecw's Antique Armour Shop.
 20282 | Bazaar   | Bought a slimy chain mail for 209 gold pieces
 20282 | Bazaar   | Identified the +5 chain mail of Hairiness {rF+} (You bought
                  | it in a shop in a bazaar)
 20294 | Bazaar   | Found Pofaad's Antique Weapon Shop.
 20302 | Bazaar   | Bought a fine hand axe for 152 gold pieces
 20302 | Bazaar   | Identified the +6 hand axe of Insomnia {vorpal, rC- rN+
                  | Dex+5} (You bought it in a shop in a bazaar)
 20302 | Bazaar   | Bought a fading long sword for 161 gold pieces
 20302 | Bazaar   | Identified the +6 long sword "Tyck" {vorpal, rC+ Str+3
                  | SInv} (You bought it in a shop in a bazaar)
 20302 | Bazaar   | Bought a pitted whip for 142 gold pieces
 20302 | Bazaar   | Identified the +5 whip of Akhlodes {vorpal, rElec rC+ MP-9
                  | SInv} (You bought it in a shop in a bazaar)
 20315 | Bazaar   | Bought a potion of curing for 45 gold pieces
 20315 | Bazaar   | Bought 2 potions of invisibility for 240 gold pieces
 20355 | D:14     | Noticed a four-headed hydra
 20365 | D:14     | Killed a one-headed hydra
 20372 | D:14     | Noticed an eight-headed hydra
 20385 | D:14     | Killed a one-headed hydra
 20413 | D:14     | Noticed a four-headed hydra
 20422 | D:14     | Killed a one-headed hydra
 20515 | D:14     | Noticed a six-headed hydra
 20526 | D:14     | Noticed a boulder beetle
 20530 | D:14     | Noticed a fire dragon
 20538 | D:14     | Killed a boulder beetle
 20540 | D:14     | Noticed a centaur warrior
 20544 | D:14     | Killed a fire dragon
 20554 | D:14     | Reached skill level 13 in Fighting
 20555 | D:14     | Killed a centaur warrior
 20725 | D:14     | Noticed a centaur warrior
 20733 | D:14     | Killed a centaur warrior
 20745 | D:14     | Reached ****** piety under Okawaru
 20914 | D:14     | Noticed a centaur warrior
 20928 | D:14     | Killed a centaur warrior
 21180 | D:14     | Reached XP level 14. HP: 110/119 MP: 20/20
 21216 | D:14     | Found a gate to the Vaults.
 21216 | D:14     | Noticed an ironbound preserver
 21234 | D:14     | Killed an ironbound preserver
 21319 | D:14     | Received a gift from Okawaru
 21445 | D:14     | Reached skill level 14 in Fighting
 21452 | D:14     | Got the Grimoire of Ashen Orientation
 21648 | D:14     | Identified the +4 chain mail of Ecoramm {rElec rF+ rN+
                  | SInv}
 21655 | D:15     | Entered Level 15 of the Dungeon
 21777 | D:15     | Found a staircase to the Depths.
 21777 | D:15     | Noticed a fire giant
 21831 | D:15     | Received a gift from Okawaru
 22349 | D:15     | Found a shadowy altar of Dithmenos.
 22404 | D:15     | Noticed Jorgrun
 22422 | D:15     | Killed Jorgrun
 22423 | D:15     | Reached skill level 15 in Fighting
 22542 | D:15     | Found a radiant altar of Vehumet.
 23093 | Lair:1   | Entered Level 1 of the Lair of Beasts
 23314 | Lair:1   | Reached XP level 15. HP: 76/129 MP: 21/21
 23321 | Lair:1   | Identified the +6 tower shield of Hozin {Rampage Fly rF-
                  | Dex+2} (Okawaru gifted it to you on level 1 of the Lair of
                  | Beasts)
 23321 | Lair:1   | Received a gift from Okawaru
 24083 | Lair:2   | Found a dark tunnel.
 24102 | Volcano  | Entered a volcano
 24501 | Lair:2   | Found a gate leading to a gauntlet.
 24511 | Gauntlet | Entered a Gauntlet
 24511 | Gauntlet | Found a transporter.
 24530 | Gauntlet | Found a transporter.
 24542 | Gauntlet | Found a transporter.
 24546 | Gauntlet | Found a transporter.
 24558 | Gauntlet | Found a transporter.
 24576 | Gauntlet | Found a transporter.
 24589 | Gauntlet | Found a transporter.
 24606 | Gauntlet | Found a transporter.
 24610 | Gauntlet | Found a transporter.
 24618 | Gauntlet | Found a transporter.
 24648 | Gauntlet | Found a transporter.
 24648 | Gauntlet | Found a transporter.
 24725 | Gauntlet | Identified the amulet of Daisies {Faith rF+ Dex+3}
 24859 | Gauntlet | Identified the ring "Becustra" {rN+ SInv}
 24956 | Gauntlet | Identified the ring "Notodghidd" {*Corrode rF+ Will+ Int+6
                  | Dex+8}
 24968 | Gauntlet | Reached skill level 16 in Fighting
 24974 | Gauntlet | Got the Collected Works on Fire
 25217 | Lair:2   | Found a staircase to the Snake Pit.
 25270 | Lair:2   | Found a staircase to the Swamp.
 25653 | Lair:2   | Found a blossoming altar of Fedhas.
 25894 | Lair:3   | Noticed Nergalle
 25906 | Lair:3   | Killed Nergalle
 26279 | Lair:3   | Reached skill level 15 in Shields
 26598 | Lair:3   | Identified the +4 chain mail of the Lute {rElec rN+ Str+2}
                  | (Okawaru gifted it to you on level 3 of the Lair of Beasts)
 26598 | Lair:3   | Received a gift from Okawaru
 26855 | Lair:4   | Noticed Snorg
 26918 | Lair:3   | You fall into a shaft and drop 2 floors!
 26918 | Lair:5   | You fall into a shaft and drop 1 floor!
 26918 | Lair:6   | Entered Level 6 of the Lair of Beasts
 26950 | Lair:6   | Identified the +5 hand axe of the Traitor {pain, rPois rF-
                  | rN+}
 27058 | Lair:6   | Noticed Rupert
 27077 | Lair:6   | Killed Rupert
 27078 | Lair:6   | Reached skill level 17 in Fighting
 27078 | Lair:6   | Reached XP level 16. HP: 43/141 MP: 22/22
 27979 | Lair:6   | Noticed Josephine
 27994 | Lair:6   | Killed Josephine
 28346 | Lair:5   | Found a viscous altar of Jiyva.
 28346 | Lair:5   | Found a staircase to the Slime Pits.
 28683 | Lair:5   | Received a gift from Okawaru
 29669 | Lair:4   | Identified the +0 chain mail of the Barnacle {Rampage rF-
                  | Str+4}
 29979 | Lair:3   | Killed Snorg
 30072 | Orc:1    | Entered Level 1 of the Orcish Mines
 30081 | Orc:1    | Reached skill level 18 in Fighting
 30128 | Orc:1    | Found Qiysuta's General Store.
 30128 | Orc:1    | Found Liskerah's Specific Store.
 30136 | Orc:1    | Bought 2 silver javelins for 62 gold pieces
 30556 | Orc:2    | Entered Level 2 of the Orcish Mines
 30556 | Orc:2    | Found a staircase to the Elven Halls.
 31109 | Orc:2    | Found Vyru's Antique Weapon Boutique.
 31109 | Orc:2    | Found Enkegh's Distillery.
 31134 | Orc:2    | Bought a potion of curing for 42 gold pieces
 31134 | Orc:2    | Bought a potion of heal wounds for 70 gold pieces
 31134 | Orc:2    | Bought 2 potions of curing for 84 gold pieces
 31134 | Orc:2    | Bought 2 potions of flight for 84 gold pieces
 31134 | Orc:2    | Bought a potion of ambrosia for 112 gold pieces
 31134 | Orc:2    | Bought a potion of attraction for 42 gold pieces
 31143 | Orc:2    | Bought a buzzing glaive for 310 gold pieces
 31143 | Orc:2    | Identified the +9 glaive of Esimek {vorpal, rPois rC+
                  | Dex+4} (You bought it in a shop on level 2 of the Orcish
                  | Mines)
 31428 | Orc:2    | Found Vugg's Assorted Antiques.
 31428 | Orc:2    | Found Soiqelum's Assorted Antiques.
 31433 | Orc:2    | Bought a potion of curing for 78 gold pieces
 31442 | Orc:2    | Bought a potion of curing for 99 gold pieces
 31442 | Orc:2    | Bought a scroll of fog for 66 gold pieces
 31442 | Orc:2    | Bought a potion of curing for 99 gold pieces
 31823 | Snake:1  | Entered Level 1 of the Snake Pit
 31874 | Snake:1  | Reached XP level 17. HP: 43/150 MP: 17/23
 32805 | Snake:2  | Reached skill level 15 in Armour
 32837 | Snake:2  | Received a gift from Okawaru
 32969 | Snake:2  | Found Rudathr Rypy's Weapon Emporium.
 32972 | Snake:2  | Found Cyadik's Assorted Antiques.
 32972 | Snake:2  | Found Loplom's Jewellery Shoppe.
 32978 | Snake:2  | Found Wif Xyog's General Store.
 32984 | Snake:2  | Bought a potion of curing for 36 gold pieces
 32984 | Snake:2  | Bought a scroll of magic mapping for 42 gold pieces
 32984 | Snake:2  | Bought a wand of iceblast (4) for 96 gold pieces
 32987 | Snake:2  | Bought a wand of iceblast (6) for 116 gold pieces
 33671 | Snake:3  | Found Mawuph's Antique Armour Shop.
 33677 | Snake:3  | Bought an embroidered cloak for 270 gold pieces
 33715 | Snake:3  | Reached skill level 19 in Fighting
 34078 | Snake:3  | Identified the +9 morningstar of Jul Iwo {venom, rF+ rN+
                  | Str+4}
 34153 | Snake:3  | Received a gift from Okawaru
 34586 | Snake:4  | Entered Level 4 of the Snake Pit
 34753 | Snake:4  | Found Ibamoram's Distillery.
 34767 | Snake:4  | Bought a potion of curing for 57 gold pieces
 34767 | Snake:4  | Bought a potion of heal wounds for 95 gold pieces
 34767 | Snake:4  | Bought a potion of cancellation for 152 gold pieces
 34767 | Snake:4  | Bought a potion of heal wounds for 95 gold pieces
 34767 | Snake:4  | Bought a potion of curing for 57 gold pieces
 34767 | Snake:4  | Bought a potion of attraction for 57 gold pieces
 34767 | Snake:4  | Bought a potion of mutation for 152 gold pieces
 35108 | Snake:4  | Reached XP level 18. HP: 30/162 MP: 24/24
 35373 | Snake:4  | Slain by a salamander

Illustrated notes

Levels and vault maps discovered:
D:1:      tarquinn_simple_flora_water_a, layout_basic, serial_glass,
          glass_columns_a, glass_columns_a, chequers_ecumenical_altar_simple
D:2:      layout_loops_ring, basic_altar, minmay_rat_hole,
          uniq_crazy_yiuf_cottage
D:3:      minmay_evil_eye, layout_loops_ring, portal_sewer_entry_d,
          serial_shops, shop, minivault_23
D:4:      layout_gridville, uniq_sigmund, uniq_ijyb, uniq_blork_the_orc
D:5:      layout_basic, uniq_duvessa
D:6:      layout_loops_ring
D:7:      layout_basic, minmay_temple_entry_statues_pillars, serial_undead,
          serial_undead_e, serial_undead_e, serial_undead_f, serial_undead_f,
          serial_shops, nicolae_shop_trees, nicolae_shop_trees,
          nicolae_stop_n_shop_1, shop, hangedman_minor_gate_pass
D:8:      layout_cave_pools, lemuel_coloured_pillars_altar,
          nicolae_ossuary_entry_catacombs, serial_shops, nicolae_shop_trees
D:9:      layout_cave_pools, grunt_lair_entry_orc_guard_hut, orc_0_dummy,
          hangedman_decor_clover_reticule, roderic_serpentine_path,
          uniq_prince_ribbit1
D:10:     layout_cave_pools, st_stairs_9, minmay_fountain_box
D:11:     layout_gridville, palyth_stone_intersect
D:12:     layout_layer_cave, nzn_wu_jian_contemplation
D:13:     layout_roguey, enter_trove_5, serial_shops, bzr_in_the_mist,
          uniq_nessos
D:14:     minmay_tri_box, layout_gridville, skrybe_vaults_entry_preservation,
          minmay_misc_feat_iff
D:15:     grunt_enter_depths_giant_problem, layout_basic,
          nicolae_vehumet_altar_sigil, grunt_dithmenos_shadows, uniq_jorgrun
Temple:   mainiacjoe_temple_hex_bubbles
Lair:1:   layout_loops_ring, grunt_megastairs_1, serial_bayou_shore_a,
          lemuel_fruit_fields, infiniplex_staircase_pool
Lair:2:   layout_chaotic_city, minmay_swamp_entry_eels,
          guppyfry_snake_entry_island, gauntlet_entry_generic,
          nicolae_volcano_entry_two_sided, hangedman_tree_tricks, minmay_holes,
          serial_bayou_shore_b
Lair:3:   layout_long_grid, grunt_megastairs_4, uniq_nergalle
Lair:4:   layout_cave_pods, lemuel_fruit_tree, serial_bayou_shore_b, uniq_snorg
Lair:5:   layout_hall_layers, dpeg_slime_entry_enclosed_altar,
          hibernation_bobbens, grunt_megastairs_2
Lair:6:   hangedman_lair_caniforms_friends, layout_regular_city,
          infiniplex_staircase_pool_2, uniq_rupert, uniq_josephine
Snake:1:  layout_honeycomb
Snake:2:  layout_misc_corridors, nicolae_snake_yet_another_twisty_hallway,
          minmay_shoptagon
Snake:3:  layout_basic, grunt_megastairs_5, minmay_shop_star
Snake:4:  minmay_snake_end_coiled, layout_onion, serial_shops, shop,
          nicolae_fountain_basement
Orc:1:    layout_diamond_mine, nicolae_orc_damp_corner, nicolae_specific_store
Orc:2:    st_orc_town, layout_caves, mines2_david

Skill      XL: |  1  2  3  4  5  6  7  8  9 10 11 12 13 14 15 16 17 |
---------------+----------------------------------------------------+-----
Shields        | 4 5 6 7 8 10 11 13 14 15 16 17 | 17.2
Armour         | 4 5 6 7 9 10 11 12 13 14 15 | 15.8
Fighting       | 4 5 6 7 9 10 11 13 15 17 18 19 | 19.8
Axes           | 3 4 5 6 8 9 10 11 12 13 14 | 14.5
Invocations    | 2 7 9 |  9.0

Action                   |  1- 3 |  4- 6 |  7- 9 | 10-12 | 13-15 | 16-18 || total
-------------------------+-------+-------+-------+-------+-------+-------++-------
Melee: War axe           |    89 |   223 |    11 |       |       |       ||   323
       Dagger            |       |       |   167 |    56 |       |       ||   223
       Mace              |       |       |    18 |       |       |       ||    18
       Hand axe          |       |       |   228 |   856 |   123 |    12 ||  1219
       Spear             |       |       |       |   137 |       |       ||   137
       Short sword       |       |       |       |    22 |       |       ||    22
       Battleaxe         |       |       |       |    12 |   617 |  1060 ||  1689
       Staff             |       |       |       |       |    23 |       ||    23
       Whip              |       |       |       |       |    50 |       ||    50
       Broad axe         |       |       |       |       |   151 |    43 ||   194
       Rapier            |       |       |       |       |    15 |       ||    15
Invok: Heroism           |       |       |       |       |       |     2 ||     2
       Finesse           |       |       |       |       |       |     1 ||     1
 Abil: Dig               |       |       |       |       |     1 |     2 ||     3
       Shaft Self        |       |       |       |       |     1 |       ||     1
Evoke: Wand              |       |       |       |    22 |       |       ||    22
  Use: Potion            |       |     1 |       |    10 |     2 |     6 ||    19
       Scroll            |       |       |     5 |    13 |     8 |     3 ||    29
 Stab: Distracted        |       |       |       |       |     1 |     1 ||     2
       Petrified         |       |       |       |       |       |     2 ||     2
Armor: Scale mail        |    53 |   114 |    71 |       |       |       ||   238
       Chain mail        |       |       |    92 |    48 |    55 |       ||   195
       Plate armour      |       |       |       |   423 |       |       ||   423
       Crystal plate arm |       |       |       |   105 |  1009 |  1097 ||  2211
Dodge: Dodged            |    49 |    78 |   187 |   442 |   263 |   204 ||  1223
Block: Buckler           |    17 |    25 |       |       |       |       ||    42
       Kite shield       |       |    85 |   212 |   633 |   909 |  1093 ||  2932
       Reflection        |       |       |       |       |     8 |    50 ||    58
       Tower shield      |       |       |       |       |     1 |       ||     1
